 Dungeon Sprint DCSS version 0.30.1-11-g7821555f0a (webtiles) character file.

Game seed: 13778191223719609007

6484 Heoruswealwe the Sorcerer (level 10, -1/50 HPs)
             Began as a Deep Elf Conjurer on Nov 1, 2023.
             Was an Initiate of Gozag.
             Killed from afar by a deep elf annihilator (41 damage)
             ... with an iron shot
             ... in the Dungeon (Sprint III: "The Ten Rune Challenge").
             The game lasted 00:21:04 (1602 turns).

Heoruswealwe the Sorcerer (Deep Elf Conjurer)       Turns: 1602, Time: 00:21:05

Health: -1/50      AC:  3    Str: 10    XL:     10   Next: 68%
Magic:  19/38      EV: 12    Int: 28    God:    Gozag
Gold:   1085       SH:  0    Dex: 10    Spells: 40/54 levels left

rFire   . . .        a - +2 long sword (holy)
rCold   . . .        (no shield)
rNeg    + + +        c - +0 robe {Will+}
rPois   .            (no helmet)
rElec   .            h - +0 cloak
rCorr   .            (no gloves)
SInv    +            (no boots)
Will    ++...        (no amulet)
Stlth   +++          k - ring of wizardry
HPRegen 0.28/turn    j - ring "Wyffanuz" {rN+++ Str+6 Dex-3 SInv Stlth+}
MPRegen 0.26/turn

%: no teleportation, wizardry (x1)
@: no status effects
A: no striking features
a: Renounce Religion, Potion Petition, Call Merchant, Bribe Branch


You were in the Dungeon.
You worshipped Gozag.
Gozag was most pleased with you.
You visited 1 branch You collected 5560 gold pieces.
You spent 1931 gold pieces at shops.
You paid 2544 gold pieces to Gozag.

Inventory:

Hand Weapons
 a - a +2 long sword of holy wrath (weapon)
Armour
 c - a +0 robe of willpower (worn)
 h - a +0 cloak (worn)
Jewellery
 j - the ring "Wyffanuz" (right hand) {rN+++ Str+6 Dex-3 SInv Stlth+}
   (You bought it in a shop in the Dungeon)

   [ring of strength]

   Str:       It affects your strength (+6).
   Dex:       It affects your dexterity (-3).
   rN:        It renders you almost immune to negative energy.
   SInv:      It lets you see invisible.
   Stlth:     It makes you more stealthy.
 k - a ring of wizardry (left hand)
 q - the amulet of the Air {Inacc Air Fly rElec RMsl}
   (You bought it in a shop in the Dungeon)

   [amulet of nothing]

   Inacc:     It reduces the accuracy of your attacks and spells.
   Air:       It enhances your air magic.
   rElec:     It insulates you from electricity.
   Fly:       It grants you flight.
   RMsl:      It protects you from missiles.
Scrolls
 g - a scroll of blinking
 l - a scroll of immolation {unknown}
 m - 2 scrolls of identify {unknown}
 n - 3 scrolls of poison {unknown}
Potions
 b - 4 potions of mutation {unknown}
 d - a potion of heal wounds
 e - 2 potions of haste
 f - a potion of attraction {unknown}
 i - 2 potions of curing
 o - 2 potions of flight
Miscellaneous
 p - a condenser vane


   Skills:
 - Level 2.4 Dodging
 - Level 2.4 Stealth
 + Level 22.9 Spellcasting
 + Level 19.9 Conjurations


You had 40 spell levels left.
You knew the following spells:

 Your Spells              Type           Power      Damage    Failure   Level
a - Magic Dart            Conj           100%       1d8       0%          1
b - Searing Ray           Conj           100%       2d8       0%          2
c - Dazzling Flash        Conj/Hex       100%       N/A       1%          3
d - Fulminant Prism       Conj/Hex       36%        3d17      1%          4
e - Iskenderun's Mystic   Conj/Tloc      73%        2d15      1%          4

Your spell library contained the following spells:

 Spells                   Type           Power      Damage    Failure   Level
 Tukima's Dance           Hex            32%        N/A       1%          3
 Passage of Golubria      Tloc           32%        N/A       4%          4
 Yara's Violent Unravell  Hex/Tmut       16%        3d8       12%         5


Dungeon Overview and Level Annotations

Branches:
Dungeon (1/1)

Altars:
Cheibriados
Dithmenos
Elyvilon
Fedhas
Gozag
Hepliaklqana
Kikubaaqudgha
Makhleb
Nemelex Xobeh
Okawaru
Qazlal
Ru
Sif Muna
Trog
Uskayaw
Vehumet
Wu Jian
Xom
Yredelemnul
Zin
The Shining One
Jiyva
Lugonu

Shops:
D ====


Message History

The deep elf high priest shouts!
The deep elf annihilator hits you but does no damage.
Casting: Iskenderun's Mystic Blast (safe; 1% risk of failure)
Confirm with . or Enter, or press ? or * to list all spells.
You erupt in a blast of force!
The mystic blast hits the deep elf annihilator!
The deep elf annihilator is lightly wounded.
The deep elf annihilator is knocked back by the mystic blast.
The deep elf annihilator slams into the stone wall!
The deep elf annihilator is moderately wounded.
The deep elf high priest mumbles some strange prayers.
Casting: Iskenderun's Mystic Blast (safe; 1% risk of failure)
Confirm with . or Enter, or press ? or * to list all spells.
You erupt in a blast of force!
The mystic blast hits the deep elf annihilator!
The deep elf annihilator is moderately wounded.
The deep elf annihilator is knocked back by the mystic blast.
The deep elf annihilator slams into the stone wall!
The deep elf annihilator is heavily wounded.
The deep elf annihilator gestures wildly while chanting.
The deep elf annihilator blinks!
Casting: Iskenderun's Mystic Blast (safe; 1% risk of failure)
Confirm with . or Enter, or press ? or * to list all spells.
You erupt in a blast of force!
The mystic blast hits the deep elf annihilator!
The deep elf annihilator is severely wounded.
The deep elf annihilator is knocked back by the mystic blast.
The deep elf annihilator slams into the stone wall!
The deep elf annihilator is almost dead.
The mystic blast hits the deep elf annihilator.
The deep elf annihilator is lightly wounded.
The deep elf annihilator is knocked back by the mystic blast.
The deep elf high priest invokes the aid of its god against you.
Something smites you!
A deep elf master archer comes into view.
It is wielding a +0 longbow and wearing a +1 chain mail of poison resistance.
The deep elf annihilator casts a spell at you.
The iron shot hits you!!!
Ouch! That really hurt!
You die...
Your body crumbles into a pile of gold.

▓▓▓▓ ▓▓▓▓▓▓▓
#..###.#.#.####### ###
###.###.#..'.#..e# e..e
$$
#)..∩.∩...##.#...##≈≈≈≈#
$
#....∩...#.#.#..@e≈≈....
$ $
#[))......##.#...##≈≈≈≈#
$ #[(######∩##.))..# ..'
#[#..# ##.####### # $
#)#####################
$
#....#.#.#.....#^.....+
##.#..#.##)###.#..^..^#
'##)#.#.##.#..##.....^#
#.))#..#..##))'......^#


You could see a deep elf master archer (wandering) and 2 deep elf annihilators.

Vanquished Creatures
  Erolcha (D)
  An orc high priest (D)
  2 deep elf pyromancers (D)
  An orc knight (D)
  4 deep elf zephyrmancers (D)
  An orc sorcerer (D)
  A shadow (D)
  2 redbacks (D)
  A spatial vortex (D)
  2 orc warriors (D)
  5 two-headed ogres (D)
  A necrophage (D)
  A water elemental (D)
  A jelly (D)
  An orc priest (D)
  Crazy Yiuf (D)
  Jessica (D)
  A wizard (D)
  An orc wizard (D)
  A necromancer (D)
  3 humans (D)
  A kobold demonologist (D)
  11 orcs (D)
  3 rats (D)
48 creatures vanquished.

Vanquished Creatures (others)
  6 fulminant prisms (D)
6 creatures vanquished.

Grand Total: 54 creatures vanquished

Notes
Turn   | Place    | Note
-------+----------+-------------------------------------------
     0 | D        | Heoruswealwe the Deep Elf Conjurer began the quest for the
                  | Orb.
     0 | D        | Reached XP level 1. HP: 10/10 MP: 6/6
    33 | D        | Noticed Jessica
    36 | D        | Killed Jessica
    37 | D        | Reached skill level 6 in Spellcasting
    37 | D        | Reached XP level 2. HP: 15/15 MP: 3/11
    40 | D        | Learned a level 2 spell: Searing Ray
   120 | D        | Reached skill level 7 in Spellcasting
   120 | D        | Reached XP level 3. HP: 13/19 MP: 4/13
   124 | D        | Learned a level 3 spell: Dazzling Flash
   187 | D        | Noticed Crazy Yiuf
   190 | D        | Killed Crazy Yiuf
   191 | D        | Reached skill level 8 in Spellcasting
   191 | D        | Reached XP level 4. HP: 24/24 MP: 10/16
   256 | D        | Noticed a water elemental
   261 | D        | Killed a water elemental
   262 | D        | Reached skill level 9 in Spellcasting
   316 | D        | Learned a level 4 spell: Fulminant Prism
   321 | D        | Learned a level 4 spell: Iskenderun's Mystic Blast
   336 | D        | Noticed a shadow
   340 | D        | Reached skill level 10 in Spellcasting
   340 | D        | Reached XP level 5. HP: 28/28 MP: 9/19
   343 | D        | Killed a shadow
   344 | D        | Reached skill level 12 in Spellcasting
   344 | D        | Reached XP level 6. HP: 31/32 MP: 5/23
   448 | D        | Found a blossoming altar of Fedhas.
   448 | D        | Found a stormy altar of Qazlal.
   448 | D        | Found a snail-covered altar of Cheibriados.
   448 | D        | Found a burning altar of Makhleb.
   448 | D        | Found a shimmering altar of Xom.
   449 | D        | Found a hazy altar of Hepliaklqana.
   449 | D        | Found an opulent altar of Gozag.
   449 | D        | Found a sparkling altar of Nemelex Xobeh.
   449 | D        | Found a corrupted altar of Lugonu.
   449 | D        | Found a viscous altar of Jiyva.
   449 | D        | Noticed a spatial vortex
   463 | D        | Killed a spatial vortex
   464 | D        | Reached skill level 13 in Spellcasting
   584 | D        | Became a worshipper of Gozag Ym Sagoz the Greedy
   595 | D        | Found a basalt altar of Yredelemnul.
   595 | D        | Found a shadowy altar of Dithmenos.
   595 | D        | Found a sacrificial altar of Ru.
   599 | D        | Reached XP level 7. HP: 36/36 MP: 18/26
   636 | D        | Found a hide-covered altar of Uskayaw.
   636 | D        | Found an iron altar of Okawaru.
   636 | D        | Found a bloodstained altar of Trog.
   636 | D        | Found an ornate altar of the Wu Jian Council.
   636 | D        | Noticed a human
   637 | D        | Noticed a human
   641 | D        | Killed a human
   641 | D        | Killed a human
   642 | D        | Reached skill level 15 in Spellcasting
   704 | D        | Found a glowing silver altar of Zin.
   704 | D        | Found a glowing golden altar of the Shining One.
   704 | D        | Found a white marble altar of Elyvilon.
   705 | D        | Noticed a deep elf pyromancer
   709 | D        | Killed a deep elf pyromancer
   710 | D        | Reached skill level 16 in Spellcasting
   710 | D        | Reached XP level 8. HP: 41/41 MP: 11/30
   793 | D        | Found a radiant altar of Vehumet.
   793 | D        | Found a shimmering blue altar of Sif Muna.
   793 | D        | Found an ancient bone altar of Kikubaaqudgha.
   841 | D        | Reached skill level 17 in Spellcasting
   841 | D        | Reached skill level 15 in Conjurations
   974 | D        | Noticed a two-headed ogre
   981 | D        | Killed a two-headed ogre
  1090 | D        | Noticed a two-headed ogre
  1090 | D        | Noticed Erolcha
  1094 | D        | Killed Erolcha
  1095 | D        | Reached skill level 19 in Spellcasting
  1095 | D        | Reached XP level 9. HP: 8/45 MP: 16/34
  1095 | D        | Killed a two-headed ogre
  1313 | D        | Noticed an orc high priest
  1313 | D        | Noticed an orc knight
  1314 | D        | Noticed an orc sorcerer
  1321 | D        | Killed an orc knight
  1322 | D        | Reached skill level 20 in Spellcasting
  1323 | D        | Killed an orc sorcerer
  1329 | D        | Killed an orc high priest
  1330 | D        | Reached skill level 21 in Spellcasting
  1330 | D        | Reached XP level 10. HP: 3/50 MP: 2/37
  1345 | D        | Found Ige Gyh's Jewellery Shoppe.
  1430 | D        | Bought a ring of wizardry for 360 gold pieces
  1463 | D        | Bought the ring "Wyffanuz" {rN+++ Str+6 Dex-3 SInv Stlth+}
                  | for 970 gold pieces
  1466 | D        | Bought the amulet of the Air {Inacc Air Fly rElec RMsl} for
                  | 601 gold pieces
  1466 | D        | Found the amulet of the Air {Inacc Air Fly rElec RMsl}
  1482 | D        | Noticed a deep elf zephyrmancer
  1482 | D        | Noticed a deep elf zephyrmancer
  1482 | D        | Noticed a deep elf pyromancer
  1482 | D        | Noticed a deep elf zephyrmancer
  1482 | D        | Noticed a deep elf zephyrmancer
  1488 | D        | Killed a deep elf zephyrmancer
  1490 | D        | Killed a deep elf zephyrmancer
  1491 | D        | Reached skill level 22 in Spellcasting
  1492 | D        | Killed a deep elf pyromancer
  1495 | D        | Killed a deep elf zephyrmancer
  1496 | D        | Killed a deep elf zephyrmancer
  1499 | D        | Noticed a deep elf annihilator
  1499 | D        | Noticed a deep elf annihilator
  1597 | D        | Identified the ring "Akus" {Fly rPois AC+4 Int-2}
  1598 | D        | Noticed a deep elf high priest
  1598 | D        | Noticed a deep elf annihilator
  1601 | D        | Noticed a deep elf master archer
  1602 | D        | Killed from afar by a deep elf annihilator

Illustrated notes

Levels and vault maps discovered:
D:        dungeon_sprint_mu [sprint_mu_entry_cave, sprint_mu_temple_rooms,
          sprint_mu_d1_spiders, sprint_mu_d2_genie, sprint_mu_d3_branching,
          sprint_mu_orc_legion, sprint_mu_elf_gauntlet, sprint_mu_hive_nellie,
          sprint_mu_lair_fedhas, sprint_mu_vaults_butterflies,
          sprint_mu_slime_circle, sprint_mu_swamp_cave, sprint_mu_snake_twists,
          sprint_mu_blade_basic, sprint_mu_crypt_chambers,
          sprint_mu_tomb_spiral, sprint_mu_vestibule_basic,
          sprint_mu_gehenna_hellfire, sprint_mu_dis_giant,
          sprint_mu_tartarus_statrot, sprint_mu_cocytus_islands, sprint_mu_zot1]

Skill      XL: |  1  2  3  4  5  6  7  8  9 10 |
---------------+-------------------------------+-----
Spellcasting   | 6 7 8 10 12 13 16 19 21 22 | 22.9
Conjurations   | 6 7 9 11 12 14 16 18 19 | 19.9
Dodging        | |  2.4
Stealth        | |  2.4

Action                     |  1- 3 |  4- 6 |  7- 9 | 10-12 || total
---------------------------+-------+-------+-------+-------++-------
  Melee: Long sword        |       |       |     1 |       ||     1
   Cast: Magic Dart        |     8 |       |     1 |       ||     9
         Searing Ray       |     2 |     6 |     2 |       ||    10
         Iskenderun's Myst |       |     2 |    43 |    17 ||    62
         Fulminant Prism   |       |     5 |     1 |       ||     6
 Invoke: Call Merchant     |       |       |       |     3 ||     3
    Use: Potion            |       |       |     2 |     2 ||     4
 Armour: Robe              |       |       |       |     1 ||     1
  Dodge: Dodged            |       |     3 |     6 |       ||     9
